[Event "Team 45 45 League T75"]
[Site "Internet Chess Club"]
[Date "2018.01.08"]
[Round "3"]
[White "kutch"]
[Black "ILRE"]
[Result "1/2-1/2"]
[WhiteElo "1595"]
[BlackElo "1608"]
[Opening "QGD semi-Slav: Meran, Wade variation"]
[ECO "D47"]
[Time "18:04:57"]
[TimeControl "2700+45"]

1. d4 d5 2. c4 c6 3. e3 Nf6 4. Nc3 e6 5. Nf3 Nbd7 6. Bd3 dxc4 7. Bxc4 b5 8. Bd3
Bb7 9. O-O Bd6 10. Bd2 a6 11. Qc2 O-O 12. e4 e5 13. dxe5 Nxe5 14. Nxe5 Bxe5 15.
Bg5 Bxh2+ 16. Kh1 Bd6 17. f4 Be7 18. Rad1 Qc7 19. e5 Ng4 20. Nd5 Qa5 21. Nxe7+
Kh8 22. Qe2 h5 23. Qe4 g6 24. Bf6+ Nxf6 25. exf6 Qc7 26. Qe5 Qxe5 27. fxe5 c5
28. Be2 c4 29. Bf3 Bxf3 30. gxf3 Kh7 31. Rd7 Kh6 32. f4 a5 33. Rfd1 b4 34. Rc7
c3 35. bxc3 bxc3 36. Rxc3 a4 37. Ra3 Rfb8 38. Rd4 Rb2 39. Rdxa4 Rd8 40. Rg3 Rd1+
41. Rg1 Rdd2 42. Re1 {Game drawn by mutual agreement} 1/2-1/2

[Event "Team 45 45 League T75"]
[Site "Internet Chess Club"]
[Date "2018.01.07"]
[Round "3"]
[White "MartyJR"]
[Black "Electryon"]
[Result "1-0"]
[WhiteElo "1488"]
[BlackElo "1473"]
[Opening "Queen's pawn"]
[ECO "A40"]
[Time "11:01:18"]
[TimeControl "2700+45"]

1. d4 e6 2. Bf4 f5 3. e3 Nf6 4. Nf3 b6 5. Nbd2 Bb7 6. Bd3 Be7 7. h3 Nd5 8. Bh2
Nc6 9. Ne5 O-O 10. O-O Nxe5 11. Bxe5 Bf6 12. Nf3 d6 13. Bh2 Qe8 14. Re1 Nb4 15.
Be2 e5 16. dxe5 dxe5 17. c3 Nc6 18. Qb3+ Kh8 19. Rad1 Rd8 20. Rxd8 Qxd8 21. Rd1
Qe7 22. Qc2 Qe6 23. a3 Bd8 24. Qd2 f4 25. exf4 exf4 26. Nd4 Nxd4 27. cxd4 Qg6
28. f3 Qh6 29. Kf1 Bh4 30. d5 Qd6 31. Bc4 Bg3 32. Bg1 Rd8 33. Qc2 Qe5 34. Bd4
Qh5 35. Qc3 Rd7 36. Qb4 Qe8 37. Bb5 Bxd5 38. Bxd7 c5 39. Bxe8 cxb4 40. Bxg7+
{Black resigns} 1-0

[Event "Team 45 45 League T75"]
[Site "Internet Chess Club"]
[Date "2018.01.07"]
[Round "3"]
[White "sdcohle"]
[Black "BrianWood"]
[Result "1/2-1/2"]
[WhiteElo "1422"]
[BlackElo "1597"]
[Opening "Queen's bishop game"]
[ECO "D00"]
[Time "15:30:44"]
[TimeControl "2700+45"]

1. d4 d5 2. Bf4 Nf6 3. Nf3 c5 4. e3 Nc6 5. h3 Qb6 6. b3 cxd4 7. Nxd4 Nxd4 8.
Qxd4 Bf5 9. Bd3 Qxd4 10. exd4 Bxd3 11. cxd3 Rc8 12. O-O h6 13. Rc1 Rxc1+ 14.
Bxc1 e6 15. Be3 Bd6 16. Nd2 Kd7 17. Rc1 Rc8 18. Nf3 Rxc1+ 19. Bxc1 b5 20. Ne5+
Bxe5 21. dxe5 Ne8 22. b4 Kc6 23. Be3 a6 24. Bc5 f6 25. f4 g5 26. exf6 Nxf6 27.
fxg5 hxg5 28. g3 e5 29. h4 gxh4 30. gxh4 e4 31. Bd4 Nh5 32. dxe4 dxe4 33. Be3
Kd5 34. Kg2 Ke5 35. Kh3 Kf5 36. a3 Nf4+ 37. Kg3 Nd3 38. h5 Ne5 39. h6 Kg6 40.
Kf4 Nc4 41. Kxe4 Nxa3 42. Kd5 Nc4 43. Bc1 a5 {Game drawn by mutual agreement}
1/2-1/2

[Event "Team 45 45 League T75"]
[Site "Internet Chess Club"]
[Date "2018.01.04"]
[Round "3"]
[White "guyd52"]
[Black "Aquaman"]
[Result "1-0"]
[WhiteElo "1322"]
[BlackElo "1232"]
[Opening "Benko's opening"]
[ECO "A00"]
[Time "20:01:14"]
[TimeControl "2700+45"]

1. g3 e5 2. d3 d6 3. Bg2 Nf6 4. Nf3 Be7 5. O-O O-O 6. e4 Ne8 7. Nc3 c6 8. a4 f5
9. exf5 Bxf5 10. Re1 Qc8 11. Bg5 Nf6 12. Rb1 h6 13. Bd2 Bh3 14. Ne4 Bxg2 15.
Kxg2 Nbd7 16. Bc3 Nxe4 17. Rxe4 Nf6 18. Re1 Nh7 19. h4 Rf7 20. d4 exd4 21. Qxd4
Qf5 22. Re3 Nf6 23. Nh2 c5 24. Qd3 Qxd3 25. Rxd3 Ne4 26. Rf3 Raf8 27. Rxf7 Rxf7
28. Be1 d5 29. f3 Nd6 30. b3 d4 31. Ng4 h5 32. Ne5 Rf6 33. Bd2 Re6 34. Re1 Nf5
35. Nd3 Rxe1 36. Nxe1 Bd6 37. g4 hxg4 38. fxg4 Nxh4+ 39. Kh3 Ng6 40. Nf3 Nf4+
41. Bxf4 Bxf4 42. Nh4 g5 43. Ng6 Kf7 44. Nxf4 gxf4 45. g5 Kg6 46. Kg4 f3 47.
Kxf3 Kxg5 48. Ke4 b6 49. Kd5 Kf4 50. Kc6 Ke3 51. Kb7 Kd2 52. Kxa7 Kxc2 53. Kxb6
d3 54. a5 d2 55. a6 d1=Q 56. a7 Qd6+ 57. Kb7 Qd7+ 58. Kb6 Qd6+ 59. Kb7 Qb6+ 60.
Kxb6 {Black resigns} 1-0

[Event "Team 45 45 League T75"]
[Site "Internet Chess Club"]
[Date "2018.01.06"]
[Round "3"]
[White "primerpaso"]
[Black "justice02"]
[Result "1-0"]
[WhiteElo "1837"]
[BlackElo "1623"]
[Opening "English opening"]
[ECO "A16"]
[Time "20:04:20"]
[TimeControl "2700+45"]

1. c4 Nf6 2. Nc3 g6 3. g3 Bg7 4. Bg2 O-O 5. e4 e5 6. Nge2 d6 7. O-O c6 8. d4 Na6
9. b3 Re8 10. Bb2 Nc7 11. Qd2 Be6 12. h3 Qc8 13. Kh2 h5 14. Nd1 Nh7 15. f4 exf4
16. Nxf4 Bd7 17. Ne3 Ne6 18. Rae1 Nxf4 19. gxf4 Qd8 20. Qf2 Bf6 21. Qf3 Bh4 22.
Re2 Qa5 23. f5 Rf8 24. Qf4 Be7 25. e5 Bg5 26. Qg3 dxe5 27. dxe5 Rae8 28. e6 fxe6
29. fxg6 Rxf1 30. gxh7+ Kxh7 31. Nxf1 Rf8 32. Qd3+ Kh6 33. Qxd7 Rxf1 {Black
resigns} 1-0

[Event "Team 45 45 League T75"]
[Site "Internet Chess Club"]
[Date "2018.01.05"]
[Round "3"]
[White "Grenadier"]
[Black "andrew37"]
[Result "1-0"]
[WhiteElo "1634"]
[BlackElo "1673"]
[Opening "Sicilian: closed"]
[ECO "B23"]
[Time "20:06:30"]
[TimeControl "2700+45"]

1. e4 c5 2. Nc3 g6 3. g3 Bg7 4. Bg2 d6 5. d3 Nf6 6. Be3 Nc6 7. h3 Rb8 8. Qd2 b5
9. Bh6 O-O 10. Bxg7 Kxg7 11. f4 Nd7 12. Nf3 b4 13. Nd5 e6 14. Ne3 f5 15. O-O Nd4
16. c3 Nxf3+ 17. Bxf3 Nf6 18. c4 Bb7 19. exf5 exf5 20. Qg2 Bxf3 21. Qxf3 Re8 22.
Rfe1 Qd7 23. Re2 a5 24. b3 Re7 25. Rae1 Rbe8 26. Kf2 h5 27. Kf1 Re6 28. Nd5 Rxe2
29. Rxe2 Rxe2 30. Kxe2 Qe6+ 31. Qe3 Qxe3+ 32. Nxe3 Kf7 33. Kf3 Ke6 34. g4 hxg4+
35. hxg4 fxg4+ 36. Nxg4 Nxg4 37. Kxg4 Kf6 38. Kg3 Kf5 39. Kf3 Kf6 40. Kg4 Ke6
41. Kg5 Kf7 42. f5 gxf5 43. Kxf5 Ke7 44. Kf4 Kf6 45. Ke4 Ke6 46. d4 Kd7 47. dxc5
Kc6 48. cxd6 Kxd6 49. Kd4 Kc6 50. c5 Kc7 51. Kd5 Kd7 52. c6+ Kc7 53. Kc5 Kc8 54.
Kb5 Kc7 55. Kxa5 Kxc6 56. Kxb4 Kb6 57. a4 Ka6 58. Kc5 Kb7 59. b4 {Black resigns}
1-0

[Event "Team 45 45 League T75"]
[Site "Internet Chess Club"]
[Date "2018.01.08"]
[Round "3"]
[White "QuieroAprender"]
[Black "GoIrish"]
[Result "1-0"]
[WhiteElo "1560"]
[BlackElo "1462"]
[Opening "two knights defense: Fegatello attack"]
[ECO "C57"]
[Time "20:35:54"]
[TimeControl "2700+45"]

1. e4 e5 2. Nf3 Nc6 3. Bc4 Nf6 4. Ng5 d5 5. exd5 Nxd5 6. Nxf7 Kxf7 7. Qf3+ Ke6
8. Nc3 Nb4 9. Nxd5 Nxd5 10. d4 c6 11. dxe5 Bb4+ 12. c3 Rf8 13. Qh3+ Kf7 14. Qxh7
Rh8 15. Qe4 Rh4 16. Qf3+ Kg8 17. Bxd5+ Qxd5 18. Qxd5+ cxd5 19. cxb4 Re4+ 20. Kd1
Rxe5 21. Re1 Bg4+ 22. f3 Rxe1+ 23. Kxe1 Re8+ 24. Kf2 Bf5 25. Be3 b6 26. Bd4 Bd3
27. Re1 Rxe1 28. Kxe1 Kf7 29. Kd2 Bf1 30. g4 g5 31. Ke3 Bb5 32. f4 gxf4+ 33.
Kxf4 Kg6 34. h4 Bd7 35. h5+ Kh6 36. Be3 Kh7 37. g5 Be6 38. Ke5 Bg8 39. Kf6 d4
40. g6+ Kh8 41. Bxd4 Bxa2 42. h6 a5 43. bxa5 bxa5 44. h7 Bb1 45. Ke7# {Black
checkmated} 1-0

[Event "Team 45 45 League T75"]
[Site "Internet Chess Club"]
[Date "2018.01.07"]
[Round "3"]
[White "bmw2002"]
[Black "Ludlow"]
[Result "1/2-1/2"]
[WhiteElo "1483"]
[BlackElo "1372"]
[Opening "English opening"]
[ECO "A20"]
[Time "07:02:54"]
[TimeControl "2700+45"]

1. c4 e5 2. g3 Nf6 3. Bg2 d5 4. cxd5 Nxd5 5. Nc3 Nb6 6. Nf3 Nc6 7. O-O Be7 8. a3
O-O 9. d3 Re8 10. e3 Be6 11. Qc2 a5 12. Rd1 Qc8 13. d4 exd4 14. exd4 Bh3 15. Ng5
Bxg5 16. Bxc6 bxc6 17. Bxg5 Qf5 18. Qxf5 Bxf5 19. d5 cxd5 20. Nxd5 Nxd5 21. Rxd5
Be4 22. Rc5 c6 {Game drawn by mutual agreement} 1/2-1/2

[Event "Team 45 45 League T75"]
[Site "Internet Chess Club"]
[Date "2018.01.06"]
[Round "3"]
[White "bradleyguo175"]
[Black "kutch"]
[Result "1-0"]
[WhiteElo "1804"]
[BlackElo "1594"]
[Opening "Queen's Indian: Nimzovich variation (exaggerated fianchetto)"]
[ECO "E15"]
[Time "13:04:53"]
[TimeControl "2700+45"]

1. d4 Nf6 2. c4 e6 3. Nf3 b6 4. g3 Ba6 5. b3 Bb4+ 6. Bd2 Be7 7. Bg2 d5 8. cxd5
exd5 9. Nc3 O-O 10. O-O Nbd7 11. Qc2 Bb4 12. Ne5 Bxc3 13. Bxc3 Re8 14. Rfd1 Qe7
15. e3 c5 16. Nxd7 Nxd7 17. Bxd5 Rac8 18. dxc5 Nxc5 19. Qb2 Nd3 20. Qd2 Qc5 21.
Bc4 Bxc4 22. Bd4 Qb4 23. bxc4 Qxd2 24. Rxd2 Nc5 25. Bxc5 Rxc5 26. Rd7 Rxc4 27.
Rxa7 Rcc8 28. Rb1 Rb8 29. a4 Kf8 30. Ra6 Re6 31. Rb5 Rc6 32. a5 Rc5 33. Rbxb6
Rxb6 34. axb6 Rb5 35. Kg2 Ke7 36. Ra7+ Ke6 37. b7 g5 38. f4 gxf4 39. exf4 f5 40.
Kf3 h5 41. Ke3 Kd5 42. Ra5 Rxa5 43. b8=Q Ra3+ 44. Kd2 Ra2+ 45. Kc3 Rxh2 46. Qe5+
Kc6 47. Qxf5 Kd6 48. Qe5+ Kc6 49. f5 Rf2 50. f6 Rf3+ 51. Kd4 Kd7 52. Qd5+ Ke8
53. Qxf3 {Black resigns} 1-0

[Event "Team 45 45 League T75"]
[Site "Internet Chess Club"]
[Date "2018.01.04"]
[Round "3"]
[White "tryanything"]
[Black "pokerram"]
[Result "0-1"]
[WhiteElo "1537"]
[BlackElo "1508"]
[Opening "King's Indian: London system"]
[ECO "A48"]
[Time "18:57:13"]
[TimeControl "2700+45"]

1. d4 Nf6 2. Nf3 g6 3. Bf4 Bg7 4. e3 d6 5. h3 O-O 6. Bd3 Nbd7 7. O-O Re8 8. c3
e5 9. dxe5 dxe5 10. Nxe5 Nxe5 11. Bxe5 Rxe5 12. Bc4 Qxd1 13. Rxd1 Re8 14. Nd2
Be6 15. Bxe6 fxe6 16. Nf3 Nd5 17. Nd4 Bxd4 18. Rxd4 c5 19. Rd2 Nf6 20. Rad1 Re7
21. f3 Rc8 22. Kf2 Kf7 23. g4 g5 24. Ke2 Rcc7 25. Rd8 Rcd7 {White resigns} 0-1

[Event "Team 45 45 League T75"]
[Site "Internet Chess Club"]
[Date "2018.01.07"]
[Round "3"]
[White "anishio"]
[Black "clarinetref"]
[Result "1-0"]
[WhiteElo "1646"]
[BlackElo "1480"]
[Opening "Robatsch defense: two knights, Suttles variation"]
[ECO "B06"]
[Time "21:34:42"]
[TimeControl "2700+45"]

1. e4 g6 2. d4 Bg7 3. Nc3 c6 4. Nf3 d6 5. Be3 Nf6 6. Qd2 Ng4 7. Bg5 h6 8. Bh4
Nd7 9. Bd3 Qc7 10. O-O e5 11. d5 Nc5 12. Bc4 Nf6 13. Rfe1 b5 14. Bf1 b4 15. Ne2
Ncxe4 16. Qxb4 cxd5 17. Bxf6 Nxf6 18. Nc3 a6 19. Rad1 Be6 20. Qa4+ Ke7 21. Nd2
Nd7 22. Nb3 d4 23. Nxd4 Nc5 24. Nxe6 fxe6 25. Qg4 g5 26. Bc4 Rhf8 27. Bxe6 Qa7
28. Nd5+ Kd8 29. Bf5 Qf7 30. Ne3 Kc7 31. b3 Rae8 32. Rd5 Bf6 33. Qc4 a5 34. a3
Kb8 35. Rxd6 Qxc4 36. Nxc4 e4 37. g4 Bc3 38. Re3 Ba1 39. Kf1 h5 40. h3 hxg4 41.
hxg4 Nb7 42. Rd5 Kc7 43. Rxe4 Rxe4 44. Bxe4 Rf4 45. f3 Bc3 46. Ke2 Nd8 47. Rxg5
Ne6 48. Rd5 Nd4+ 49. Ke3 Rf7 50. Nxa5 Ne6 51. Rf5 Rd7 52. Rd5 Bd4+ 53. Kd3 Nf4+
54. Kxd4 Nxd5 55. Bxd5 Kb6 56. Nc4+ Ka6 57. f4 Rg7 58. g5 Ka7 59. Ke5 Kb8 60.
Kf6 {Black resigns} 1-0

[Event "Team 45 45 League T75"]
[Site "Internet Chess Club"]
[Date "2018.01.06"]
[Round "3"]
[White "ascoli"]
[Black "rookbattery"]
[Result "1/2-1/2"]
[WhiteElo "1721"]
[BlackElo "1611"]
[Opening "English opening"]
[ECO "A13"]
[Time "04:00:19"]
[TimeControl "2700+45"]

1. c4 e6 2. Nc3 f5 3. g3 c6 4. Bg2 Nf6 5. d4 d5 6. Nf3 Nbd7 7. O-O Bd6 8. c5 Be7
9. b4 O-O 10. b5 Ne4 11. Nxe4 fxe4 12. Nd2 e5 13. bxc6 bxc6 14. Qb3 exd4 15.
Nxe4 Kh8 16. Nd2 Nxc5 17. Qc2 Ba6 18. Bb2 d3 19. Qc3 d4 20. Qxd4 Qxd4 21. Bxd4
dxe2 22. Rfe1 Rad8 23. Be3 {Game drawn by mutual agreement} 1/2-1/2

[Event "Team 45 45 League T75"]
[Site "Internet Chess Club"]
[Date "2018.01.06"]
[Round "3"]
[White "RD1974"]
[Black "zethhon"]
[Result "1-0"]
[WhiteElo "1636"]
[BlackElo "1350"]
[Opening "Sicilian: closed"]
[ECO "B23"]
[Time "19:31:20"]
[TimeControl "2700+45"]

1. e4 c5 2. Nc3 e6 3. g3 Nc6 4. Bg2 Nf6 5. d3 Be7 6. Nge2 O-O 7. O-O Qc7 8. f4
d6 9. Be3 b6 10. Nb5 Qd7 11. d4 cxd4 12. Nbxd4 Bb7 13. c3 Nxd4 14. cxd4 Bxe4 15.
Nc3 Bxg2 16. Kxg2 Ng4 17. Qxg4 Qc6+ 18. Kg1 Qc4 19. f5 Qd3 20. Bh6 Bf6 21. Rad1
Qc2 22. Rd2 exf5 23. Rxf5 Qc1+ 24. Rf1 Bxd4+ 25. Qxd4 Qxf1+ 26. Kxf1 gxh6 27.
Qg4+ Kh8 28. Rxd6 Rg8 29. Qd4+ Rg7 30. Ne2 Rc8 31. Rd8+ Rxd8 32. Qxd8+ Rg8 33.
Qf6+ Rg7 34. Nf4 b5 35. Nh5 {Black resigns} 1-0

[Event "Team 45 45 League T75"]
[Site "Internet Chess Club"]
[Date "2018.01.09"]
[Round "3"]
[White "mambo99"]
[Black "Gojira"]
[Result "0-1"]
[WhiteElo "1470"]
[BlackElo "1616"]
[Opening "Sicilian: closed"]
[ECO "B24"]
[Time "06:56:31"]
[TimeControl "2700+45"]

1. e4 c5 2. Nc3 Nc6 3. g3 g6 4. Bg2 Bg7 5. d3 Nf6 6. f4 e6 7. Nf3 a6 8. Be3 b6
9. O-O d5 10. e5 Nd7 11. Bf2 f6 12. exf6 Nxf6 13. Re1 O-O 14. Rb1 Qd6 15. h3 Bd7
16. Qd2 Rae8 17. Ne5 Bc8 18. Re2 Nd7 19. Nxc6 Qxc6 20. Rbe1 Kh8 21. Bxd5 Qd6 22.
Bxe6 Ne5 23. fxe5 Qxe6 24. g4 h5 25. Qg5 Kh7 26. Re3 Bh6 27. Qh4 Bxe3 28. Rxe3
Qf7 29. gxh5 gxh5 30. Bg3 Qf1+ 31. Kh2 Rf5 32. Nd5 Rg8 33. Nf6+ Rxf6 34. Qxf6
Qxh3+ 35. Kg1 Rxg3+ 36. Rxg3 Qxg3+ 37. Kf1 Qh3+ 38. Ke1 Qe6 39. Qg5 Qf5 40. Qe7+
Kh6 41. Qd6+ Qe6 42. Qf8+ Kg5 43. Qg7+ Kh4 44. Kf2 Qf5+ 45. Ke1 Be6 46. a3 Qg5
47. Qc7 Qe3+ 48. Kf1 Bh3# {White checkmated} 0-1

[Event "Team 45 45 League T75"]
[Site "Internet Chess Club"]
[Date "2018.01.05"]
[Round "3"]
[White "Konstantinos"]
[Black "g8wrb"]
[Result "1-0"]
[WhiteElo "1635"]
[BlackElo "1241"]
[Opening "Nimzo-Indian: Sämisch variation"]
[ECO "E24"]
[Time "06:01:09"]
[TimeControl "2700+45"]

1. d4 e6 2. c4 Nf6 3. Nc3 Bb4 4. a3 Bxc3+ 5. bxc3 c5 6. Nf3 b6 7. e3 Bb7 8. Be2
O-O 9. O-O d6 10. a4 Nc6 11. Qc2 Qc7 12. Nd2 Rfe8 13. Bd3 Rad8 14. Ne4 Nxe4 15.
Bxe4 h6 16. Bf3 Ne7 17. Be2 Kh8 18. Bd2 Ng8 19. a5 Nf6 20. axb6 axb6 21. Qb3 Rb8
22. Rfb1 Be4 23. Rb2 Rb7 24. Ra6 Reb8 25. Qa3 Nd7 26. f3 Bf5 27. e4 Bg6 28. Be3
f6 29. Qa1 Bf7 30. Qc1 Rc8 31. Qb1 Rcb8 32. Ra3 Bg6 33. Bd3 Nf8 34. Qa2 Be8 35.
Ra8 Nd7 36. Bd2 Qc8 37. Rxb8 Qxb8 38. Rb3 Ra7 39. Ra3 Rb7 40. Ra8 Qc7 41. Rxe8+
Kh7 42. Rxe6 Qb8 43. e5+ Kg8 44. exd6 cxd4 45. cxd4 {Black resigns} 1-0

[Event "Team 45 45 League T75"]
[Site "Internet Chess Club"]
[Date "2018.01.06"]
[Round "3"]
[White "SirIvanhoe"]
[Black "LookImYourVader"]
[Result "1/2-1/2"]
[WhiteElo "1542"]
[BlackElo "1794"]
[Opening "Caro-Kann: Bronstein-Larsen variation"]
[ECO "B16"]
[Time "14:01:10"]
[TimeControl "2700+45"]

1. e4 c6 2. d4 d5 3. Nc3 dxe4 4. Nxe4 Nf6 5. Nxf6+ gxf6 6. Nf3 Nd7 7. Be3 Nb6 8.
Qd2 Rg8 9. Bh6 Bg4 10. Bxf8 Bxf3 11. gxf3 Rxf8 12. Rg1 Qd5 13. Qe3 O-O-O 14. c3
e5 15. Bh3+ Kb8 16. Rg7 exd4 17. Qf4+ Qe5+ 18. Qxe5+ fxe5 19. cxd4 Rxd4 20. Rxh7
Nc4 21. b3 Nd2 22. Ke2 e4 23. f4 Nf3 24. Bg4 Rd2+ 25. Ke3 f5 26. Bxf5 Rxf5 27.
Kxe4 Nd4 28. Rd7 Re2+ 29. Kd3 Rxf4 30. Rxd4 Rfxf2 31. Rd8+ Kc7 32. Rh8 Rxh2 33.
Rxh2 Rxh2 34. a3 Kb6 {Game drawn by mutual agreement} 1/2-1/2

[Event "Team 45 45 League T75"]
[Site "Internet Chess Club"]
[Date "2018.01.05"]
[Round "3"]
[White "a-man"]
[Black "Chess4Him"]
[Result "1-0"]
[WhiteElo "1689"]
[BlackElo "1537"]
[Opening "Old Indian defense"]
[ECO "E67"]
[Time "19:00:55"]
[TimeControl "2700+45"]

1. d4 d6 2. c4 Nf6 3. Nf3 g6 4. g3 Bg7 5. Bg2 O-O 6. O-O Nbd7 7. Nc3 Rb8 8. e4
e5 9. h3 b6 10. Re1 Bb7 11. b3 exd4 12. Nxd4 a6 13. Bb2 c5 14. Nc2 Qc7 15. Nd5
Nxd5 16. Bxg7 Kxg7 17. exd5 Rbe8 18. Qd2 Qd8 19. b4 Qf6 20. a3 Bc8 21. Ne3 Ne5
22. f4 Nd7 23. Ng4 Qf5 24. Qc3+ f6 25. Ne3 Qh5 26. Kf2 Ne5 27. fxe5 fxe5+ 28.
Kg1 Bxh3 29. Qb2 Bxg2 30. Qxg2 Rf3 31. g4 Qh3 32. Qxh3 Rxh3 33. Kg2 Rh4 34. Rh1
Rxh1 35. Rxh1 Rf8 36. Rf1 Rxf1 37. Nxf1 Kf6 38. Kf3 Kg5 39. bxc5 e4+ 40. Kxe4
bxc5 41. Kf3 h5 42. gxh5 gxh5 43. Ng3 h4 44. Ne4+ Kg6 45. Kg4 h3 46. Kxh3 Kf5
47. Nxd6+ Ke5 48. Nf7+ Kd4 49. d6 Kxc4 50. d7 Kb5 51. d8=Q {Black resigns} 1-0

[Event "Team 45 45 League T75"]
[Site "Internet Chess Club"]
[Date "2018.01.06"]
[Round "3"]
[White "UrsaMajor"]
[Black "Chesstime2016"]
[Result "1/2-1/2"]
[WhiteElo "1485"]
[BlackElo "1441"]
[Opening "King's pawn game"]
[ECO "C50"]
[Time "14:04:01"]
[TimeControl "2700+45"]

1. e4 e5 2. Nf3 Nc6 3. Bc4 d6 4. O-O Nf6 5. d3 Be6 6. Bxe6 fxe6 7. Ng5 Qe7 8. f4
h6 9. Nf3 exf4 10. Bxf4 e5 11. Be3 Ng4 12. Bf2 Nxf2 13. Rxf2 O-O-O 14. Nbd2 g5
15. g3 Bg7 16. c3 Rdf8 17. Qe2 Bf6 18. Nf1 g4 19. N3d2 h5 20. Ne3 Qe6 21. Raf1
Be7 22. b3 h4 23. Rxf8+ Rxf8 24. Rxf8+ Bxf8 25. Qxg4 Qxg4 26. Nxg4 hxg3 27. hxg3
Bg7 28. Ne3 Bh6 29. Kf2 Bxe3+ 30. Kxe3 Kd7 31. Nf3 Ke6 32. Nh4 Ne7 33. Kf3 Kf6
34. Kg4 d5 35. Nf5 Nxf5 36. exf5 c5 37. a3 b5 38. d4 exd4 39. cxd4 c4 40. bxc4
bxc4 41. Kf4 c3 42. Ke3 Kxf5 43. Kd3 Kg4 44. Kxc3 Kxg3 45. Kb4 Kf4 46. a4 Ke3
47. Kc5 Ke4 48. a5 a6 49. Kb6 Kxd4 50. Kxa6 Kc5 51. Kb7 d4 52. a6 d3 53. a7 d2
54. a8=Q d1=Q 55. Qc8+ Kb4 {Game drawn by mutual agreement} 1/2-1/2

[Event "Team 45 45 League T75"]
[Site "Internet Chess Club"]
[Date "2018.01.05"]
[Round "3"]
[White "MartyJR"]
[Black "BrerRabbit"]
[Result "1-0"]
[WhiteElo "1480"]
[BlackElo "1392"]
[Opening "Queen's Pawn"]
[ECO "A41"]
[Time "19:02:56"]
[TimeControl "2700+45"]

1. d4 d6 2. Bf4 g6 3. e3 Bg7 4. c3 Nd7 5. Nf3 e5 6. dxe5 dxe5 7. Bg3 Qe7 8. Be2
Ngf6 9. h3 O-O 10. O-O Ne4 11. Bh2 Nb6 12. Qb3 Be6 13. Qc2 Bd5 14. Nbd2 Nxd2 15.
Qxd2 Rad8 16. Qc2 Bc4 17. Bxc4 Nxc4 18. Qb3 Nb6 19. Rfd1 Kh8 20. Rxd8 Rxd8 21.
Rd1 Rxd1+ 22. Qxd1 e4 23. Nd4 Be5 24. Bxe5+ Qxe5 25. Qb3 Qd5 26. Qa3 Kg7 27.
Qxa7 Nc4 28. b3 Nb2 29. c4 Qe5 30. Qxb7 Qa5 31. Qxe4 Qe1+ 32. Kh2 Qxf2 33. Qe5+
Kh6 34. Nf3 Nd3 35. Qg5+ Kg7 36. a4 Qb2 37. Qb5 c5 38. Qb8 Qe2 39. a5 Nb4 40.
Qe5+ Kh6 41. Qxc5 {Black resigns} 1-0

[Event "Team 45 45 League T75"]
[Site "Internet Chess Club"]
[Date "2018.01.04"]
[Round "3"]
[White "idjit"]
[Black "Chess0985"]
[Result "0-1"]
[WhiteElo "1649"]
[BlackElo "1632"]
[Opening "Giuoco Piano"]
[ECO "C54"]
[Time "16:01:02"]
[TimeControl "2700+45"]

1. e4 e5 2. Nf3 Nc6 3. Bc4 Bc5 4. c3 Nf6 5. d3 O-O 6. Bb3 d6 7. h3 h6 8. Nbd2
Ne7 9. Nf1 Ng6 10. Ng3 c6 11. O-O Bb6 12. Qe2 Re8 13. d4 exd4 14. cxd4 Nd5 15.
Qc4 Be6 16. exd5 Bxd5 17. Qd3 Bxb3 18. Qxb3 d5 19. Be3 Bc7 20. Rac1 Kh8 21. Qxb7
Bxg3 22. Qc7 {White resigns} 0-1

[Event "Team 45 45 League T75"]
[Site "Internet Chess Club"]
[Date "2018.01.07"]
[Round "3"]
[White "Newbao"]
[Black "stanbeers"]
[Result "0-1"]
[WhiteElo "1388"]
[BlackElo "1389"]
[Opening "Sicilian: Taimanov variation"]
[ECO "B45"]
[Time "21:08:27"]
[TimeControl "2700+45"]

1. e4 c5 2. Nf3 e6 3. d4 cxd4 4. Nxd4 Nc6 5. Nc3 Nf6 6. Be2 Bb4 7. Qd3 O-O 8.
O-O Ne5 9. Qe3 a6 10. f3 b5 11. a3 Ba5 12. b4 Bb6 13. Qf2 Bb7 14. Be3 Rb8 15.
Nxe6 Bxe3 16. Nxd8 Bxf2+ 17. Rxf2 Rbxd8 18. a4 Bc6 19. axb5 axb5 20. Bxb5 Bxb5
21. Nxb5 Rb8 22. Nd6 Rxb4 23. Ra5 Rb1+ 24. Rf1 Rxf1+ 25. Kxf1 Nc6 26. Rc5 h6 27.
e5 Ne8 28. Nxe8 Rxe8 29. f4 Rb8 30. Ke2 Rb2 31. Kd3 Rb4 32. g3 Rd4+ 33. Kc3 Re4
34. Kd3 Re1 35. Rc3 Kf8 36. Kc4 Ke7 37. Kd5 Rd1+ 38. Ke4 g6 39. Kf3 Rd2 40. h4
h5 41. Ke3 Rg2 42. Kf3 Rg1 43. Kf2 Ra1 44. Ke3 Ra4 45. Kd3 Nb4+ 46. Kd2 Nd5 47.
Rb3 Re4 48. Kd3 Re1 49. Kd2 Ra1 50. Kd3 Ra2 51. Kd2 Nc7 52. Kc1 Ne6 53. Kb1 Ra4
54. Kb2 Nd4 55. Rd3 Nf5 56. Kb3 Ra7 57. Kb2 Ra4 58. Kb3 Re4 59. Kc3 Re3 60. Rxe3
Nxe3 61. Kd3 Nf5 62. Ke4 Ke6 63. Kf3 Nd4+ 64. Ke4 Nxc2 65. Kd3 Nb4+ 66. Kc4 Nd5
67. Kd4 Nb4 68. Kc4 Nc2 69. Kc3 Ne1 70. Kd2 Nf3+ 71. Ke3 Nh2 72. Kf2 Ng4+ 73.
Kf3 Kd5 74. Kg2 Ke4 75. Kh3 Nh6 76. Kg2 Ke3 77. Kh2 Kf2 78. Kh3 Nf5 79. Kh2 Nxg3
80. Kh3 Kf3 81. Kh2 Kxf4 82. Kh3 Nf5 83. Kg2 Kxe5 84. Kf3 d5 85. Ke2 Ke4 86. Kd2
Kd4 87. Ke2 Kc3 88. Kd1 d4 89. Kc1 d3 90. Kd1 Ne3+ 91. Kc1 d2+ 92. Kb1 d1=Q+ 93.
Ka2 Qb3+ 94. Ka1 Qb2# {White checkmated} 0-1

[Event "Team 45 45 League T75"]
[Site "Internet Chess Club"]
[Date "2018.01.06"]
[Round "3"]
[White "kingsrook"]
[Black "creativechesski"]
[Result "0-1"]
[WhiteElo "1172"]
[BlackElo "1381"]
[Opening "Grünfeld: exchange variation"]
[ECO "D85"]
[Time "16:01:07"]
[TimeControl "2700+45"]

1. d4 Nf6 2. c4 g6 3. Nc3 d5 4. cxd5 Nxd5 5. e4 Nxc3 6. bxc3 Bg7 7. Bf4 O-O 8.
Rc1 c5 9. Nf3 Bg4 10. d5 Qa5 11. Rc2 Bxc3+ 12. Bd2 Bxf3 13. Qxf3 Bxd2+ 14. Rxd2
Nd7 15. Be2 Rac8 16. Qe3 c4 17. O-O e5 18. Rc1 b5 19. Rdc2 Nb6 20. Qc3 Qxc3 21.
Rxc3 Rfd8 22. f3 f5 23. h3 f4 24. Kf2 Kf7 25. h4 Kf6 26. g3 g5 27. hxg5+ Kxg5
28. g4 h5 29. gxh5 Kxh5 30. Rh1+ Kg6 31. Rg1+ Kf6 32. Rh1 Rh8 33. Rxh8 Rxh8 34.
Kg2 Ke7 35. a3 Kd6 36. Rc1 Kc5 37. Rd1 Rd8 38. Kh3 Na4 39. Rd2 a5 40. Kg4 Kd6
41. Kf5 Rc8 42. Rc2 Nb6 43. Bf1 b4 44. Be2 bxa3 45. Ra2 c3 46. Rxa3 c2 47. Rxa5
c1=Q 48. Ra6 Rf8+ 49. Kg6 Qg1+ 50. Kh7 Rf7+ 51. Kh6 Rg7 52. Rxb6+ Qxb6 53. Kxg7
Qb2 54. Bd1 Qf2 55. Kf6 Qf1 56. Ba4 Qxf3 57. Kf5 Qg2 58. Bc6 f3 59. Bb5 f2 60.
Be2 f1=Q+ 61. Bxf1 Qxf1+ {White resigns} 0-1

[Event "Team 45 45 League T75"]
[Site "Internet Chess Club"]
[Date "2018.01.08"]
[Round "3"]
[White "leoshi"]
[Black "rhayder"]
[Result "1/2-1/2"]
[WhiteElo "1412"]
[BlackElo "1190"]
[Opening "Ruy Lopez: closed, 9.d4"]
[ECO "C91"]
[Time "23:55:22"]
[TimeControl "2700+45"]

1. e4 e5 2. Nf3 Nc6 3. Bb5 a6 4. Ba4 Nf6 5. O-O Be7 6. Re1 b5 7. Bb3 O-O 8. c3
d6 9. d4 Na5 10. dxe5 Nxb3 11. Qxb3 Be6 12. Qd1 dxe5 13. Nxe5 Qxd1 14. Rxd1 Nxe4
15. f3 Bc5+ 16. Kf1 Nd6 17. b3 Rad8 18. Ba3 Bb6 19. Nd2 Rfe8 20. Bxd6 Rxd6 21.
Ne4 Rxd1+ 22. Rxd1 f6 23. Nc6 Bf5 24. Re1 Kf8 25. g4 Bd7 26. Nd4 Bxd4 27. cxd4
Bc6 28. Kf2 Bd5 29. Re3 Bxe4 30. Rxe4 Rxe4 31. fxe4 Ke7 32. Kf3 Kd6 33. Kf4 c5
34. Ke3 cxd4+ 35. Kxd4 Ke6 36. Kc5 Ke5 37. Kb6 Kxe4 38. Kxa6 Kf4 39. Kxb5 Kxg4
40. a4 f5 41. a5 f4 42. a6 f3 43. a7 f2 44. a8=Q f1=Q+ 45. Kb6 Qf2+ 46. Kb5 Qf5+
47. Kc4 Qf4+ 48. Kd3 Qd6+ 49. Kc3 Qf6+ 50. Kd3 Qf1+ 51. Kd4 Qd1+ 52. Kc4 Qc2+
53. Kb4 Qd2+ 54. Kc4 {Game drawn by mutual agreement} 1/2-1/2